[Event "CZE-ch FIDE Open 2020"]
[Site "Kouty nad Desnou"]
[Date "2020.03.09"]
[Round "4.14"]
[White "Merinsky, Vaclav"]
[Black "Husa, Daniel"]
[Result "0-1"]
[ECO "B50"]
[WhiteElo "1764"]
[BlackElo "1814"]
[Annotator "NA"]
[PlyCount "98"]
[EventDate "2020.03.07"]
[EventCountry "CZE"]
[SourceTitle "playchess.com"]
[Source "ChessBase"]
[SourceQuality "1"]
[TimeControl "5400+30"]

1. e4 c5 2. Nf3 e6 3. Nc3 Nc6 4. d3 d6 5. Be2 Nf6 6. O-O Be7 7. Bf4 O-O 8. e5 Nh5 9. exd6 Nxf4 10. dxe7 Nxe2+ 11. Qxe2 Qxe7 12. a3 b6 13. Ne4 Bb7 14. Rfe1 Rfd8 15. Rad1 Rac8 16. Qe3 Nd4 17. Nxd4 cxd4 18. Qd2 h6 19. Rc1 Rc7 20. c4 dxc3 21. Rxc3 Rxc3 22. Qxc3 Qd7 23. Re2 Qxd3 24. Qxd3 Rxd3 25. f3 Kf8 26. Rc2 Bxe4 27. fxe4 Ke7 28. Rc7+ Rd7 29. Rc2 Kf6 30. Kf2 Ke5 31. Ke3 g6 32. h3 f6 33. Rc4 f5 34. exf5 exf5 35. Rc6 f4+ 36. Ke2 Kf5 37. Rc2 h5 38. Rc8 g5 39. Rf8+ Kg6 40. Rg8+ Rg7 41. Rc8 g4 42. Rf8 Kg5 43. hxg4 hxg4 44. Kf2 Rc7 45. Rg8+ Kf5 46. b4 Rc2+ 47. Kf1 Ra2 48. Rf8+ Kg5 49. Rg8+ Kh4 0-1

[Event "CZE-ch FIDE Open 2020"]
[Site "Kouty nad Desnou"]
[Date "2020.03.09"]
[Round "4.15"]
[White "Vaculik, Martin"]
[Black "Hradek, Matyas"]
[Result "1/2-1/2"]
[ECO "D52"]
[WhiteElo "2268"]
[BlackElo "1508"]
[Annotator "ChessBase"]
[PlyCount "37"]
[EventDate "2020.03.07"]
[EventCountry "CZE"]
[SourceTitle "playchess.com"]
[Source "ChessBase"]
[SourceQuality "1"]
[TimeControl "5400+30"]

1. d4 d5 2. c4 c6 3. Nf3 Nf6 4. Nc3 e6 5. Bg5 Nbd7 6. e3 h6 7. Bh4 Bd6 8. Bd3 O-O 9. O-O Re8 10. e4 dxe4 11. Nxe4 Be7 12. Nc3 c5 13. Bg3 Nh5 14. d5 Nxg3 15. hxg3 Nf6 16. Bc2 exd5 17. cxd5 a6 18. a4 b6 19. Qd3 1/2-1/2

[Event "CZE-ch FIDE Open 2020"]
[Site "Kouty nad Desnou"]
[Date "2020.03.10"]
[Round "5.3"]
[White "Pycha, Patrik"]
[Black "Glozar, Petr"]
[Result "0-1"]
[ECO "B12"]
[WhiteElo "2024"]
[BlackElo "1918"]
[Annotator "ChessBase"]
[PlyCount "92"]
[EventDate "2020.03.07"]
[EventCountry "CZE"]
[SourceTitle "playchess.com"]
[Source "ChessBase"]
[SourceQuality "1"]
[TimeControl "5400+30"]

1. e4 c6 2. d4 d5 3. e5 Bf5 4. h4 h6 5. g4 Bh7 6. e6 fxe6 7. Bd3 Nf6 8. Bxh7 Nxh7 9. Qd3 Qd6 10. f4 Nd7 11. Qg6+ Kd8 12. Nf3 e5 13. Qxd6 exd6 14. fxe5 dxe5 15. Nxe5 Nxe5 16. dxe5 Bc5 17. Nc3 Re8 18. Bf4 Bd6 19. O-O Bxe5 20. Rad1 Bxc3 21. bxc3 Re4 22. Rd4 Rxd4 23. cxd4 Ke7 24. Be5 Rg8 25. Rb1 b6 26. Re1 Nf6 27. g5 hxg5 28. hxg5 Ne4 29. g6 Rf8 30. c4 Rf5 31. cxd5 cxd5 32. Rc1 Rg5+ 33. Kh2 Rxg6 34. Rc7+ Ke6 35. Bxg7 a6 36. Be5 Nd2 37. Rc3 Kf5 38. Rh3 Ke4 39. Rh4+ Kd3 40. Rh3+ Ke2 41. Kh1 Ne4 42. Rh8 Nf2+ 43. Kh2 Ng4+ 44. Kh3 Nxe5 45. Re8 Kf3 46. Rf8+ Nf7 0-1

[Event "CZE-ch FIDE Open 2020"]
[Site "Kouty nad Desnou"]
[Date "2020.03.10"]
[Round "5.6"]
[White "Dejmal, Ondrej"]
[Black "Broz, Petr"]
[Result "1/2-1/2"]
[ECO "C25"]
[WhiteElo "1757"]
[BlackElo "1976"]
[Annotator "ChessBase"]
[PlyCount "113"]
[EventDate "2020.03.07"]
[EventCountry "CZE"]
[SourceTitle "playchess.com"]
[Source "ChessBase"]
[SourceQuality "1"]
[TimeControl "5400+30"]

1. e4 e5 2. Nc3 Bc5 3. Nf3 d6 4. d4 exd4 5. Nxd4 Nc6 6. Be3 Nxd4 7. Bxd4 Bxd4 8. Qxd4 Qf6 9. O-O-O Qxd4 10. Rxd4 Be6 11. Nb5 Kd7 12. e5 d5 13. f4 Ne7 14. Rd2 h5 15. c4 c6 16. Nc3 Kc7 17. cxd5 Nxd5 18. Nxd5+ Bxd5 19. Kc2 Rad8 20. Bd3 a5 21. a4 Rd7 22. Rhd1 Rhd8 23. Kc3 g6 24. g3 Bf3 25. Re1 Bg4 26. Re3 Rd5 27. b3 Rc5+ 28. Bc4 Rdd5 29. Rxd5 cxd5 30. Kd4 Kc6 31. Bb5+ Kb6 32. Be8 Be6 33. Re2 Rc1 34. h3 Rc8 35. Bb5 Bxh3 36. Kxd5 Bf1 37. Re1 Rd8+ 38. Ke4 Bxb5 39. axb5 Kxb5 40. f5 gxf5+ 41. Kxf5 Rd7 42. Re3 Kc5 43. Kg5 Kd4 44. Re1 Re7 45. Rd1+ Kxe5 46. Kxh5 Rc7 47. Rb1 Rc3 48. g4 Rh3+ 49. Kg5 f6+ 50. Kg6 Rg3 51. Re1+ Kd4 52. Ra1 b6 53. Kxf6 Kc3 54. g5 Kb2 55. Rf1 Kc3 56. g6 b5 57. Rf5 1/2-1/2

[Event "CZE-ch FIDE Open 2020"]
[Site "Kouty nad Desnou"]
[Date "2020.03.10"]
[Round "5.8"]
[White "Lukas, Frantisek"]
[Black "Zdechovsky, Tobias"]
[Result "1/2-1/2"]
[ECO "A59"]
[WhiteElo "1852"]
[BlackElo "1922"]
[Annotator "ChessBase"]
[PlyCount "66"]
[EventDate "2020.03.07"]
[EventCountry "CZE"]
[SourceTitle "playchess.com"]
[Source "ChessBase"]
[SourceQuality "1"]
[TimeControl "5400+30"]

1. d4 Nf6 2. c4 c5 3. d5 b5 4. cxb5 a6 5. bxa6 Bxa6 6. Nc3 d6 7. e4 Bxf1 8. Kxf1 g6 9. g3 Bg7 10. Kg2 O-O 11. Nf3 Nbd7 12. Re1 Ng4 13. Qe2 Qa5 14. h3 Nge5 15. Nxe5 Nxe5 16. f4 Nd7 17. Bd2 Rfb8 18. Reb1 Nb6 19. Nd1 Qa6 20. Qxa6 Rxa6 21. Bc3 Nc4 22. Bxg7 Kxg7 23. Rc1 Nd2 24. e5 Rba8 25. Rc3 Rxa2 26. Rxa2 Rxa2 27. exd6 exd6 28. Rd3 Nc4 29. Rc3 Nb6 30. Rb3 Nxd5 31. Rd3 Nb6 32. Rxd6 Nc4 33. Rd3 Ra5 1/2-1/2

[Event "CZE-ch FIDE Open 2020"]
[Site "Kouty nad Desnou"]
[Date "2020.03.10"]
[Round "5.10"]
[White "Nguyen, Thai Dai Vinh"]
[Black "Husa, Daniel"]
[Result "1-0"]
[ECO "B45"]
[WhiteElo "2018"]
[BlackElo "1814"]
[Annotator "ChessBase"]
[PlyCount "59"]
[EventDate "2020.03.07"]
[EventCountry "CZE"]
[SourceTitle "playchess.com"]
[Source "ChessBase"]
[SourceQuality "1"]
[TimeControl "5400+30"]

1. e4 c5 2. Nf3 e6 3. d4 cxd4 4. Nxd4 Nf6 5. Nc3 Nc6 6. Nxc6 bxc6 7. e5 Nd5 8. Ne4 Qc7 9. f4 Qb6 10. c4 Bb4+ 11. Ke2 f5 12. exf6 Nxf6 13. Be3 Qd8 14. Nd6+ Bxd6 15. Qxd6 Bb7 16. Rd1 Rc8 17. g4 c5 18. Rg1 Rc6 19. Qe5 O-O 20. g5 Nh5 21. Bh3 d6 22. Bxe6+ Kh8 23. Qc3 Nxf4+ 24. Bxf4 Rxf4 25. Rdf1 Rxf1 26. Rxf1 Qe8 27. Kd2 Rc7 28. Qg3 Qe7 29. g6 Bc8 30. Qh4 1-0

[Event "CZE-ch FIDE Open 2020"]
[Site "Kouty nad Desnou"]
[Date "2020.03.10"]
[Round "5.12"]
[White "Vokoun, Tomas"]
[Black "Stastny, Jakub"]
[Result "0-1"]
[ECO "B20"]
[WhiteElo "1673"]
[BlackElo "1917"]
[Annotator "ChessBase"]
[PlyCount "66"]
[EventDate "2020.03.07"]
[EventCountry "CZE"]
[SourceTitle "playchess.com"]
[Source "ChessBase"]
[SourceQuality "1"]
[TimeControl "5400+30"]

1. e4 c5 2. b4 cxb4 3. a3 d5 4. exd5 Qxd5 5. Nf3 e5 6. c4 Qe6 7. Bd3 Nc6 8. O-O Bc5 9. Bb2 Nge7 10. Re1 f6 11. Bf1 Nf5 12. axb4 Bxb4 13. Na3 O-O 14. Nb5 Qf7 15. Qc2 Rd8 16. Red1 Bc5 17. d3 Nfd4 18. Bxd4 Nxd4 19. Nfxd4 Bxd4 20. Ra2 Bf5 21. g3 Bg4 22. Be2 Bxe2 23. Qxe2 a6 24. Nxd4 Rxd4 25. Rb2 Rad8 26. f3 Qd7 27. Rdb1 Rxd3 28. Rxb7 Qd4+ 29. Kf1 Rd2 30. Qe1 Qd3+ 31. Kg1 Qxf3 32. Qf1 Rd1 33. Rxd1 Rxd1 0-1

[Event "CZE-ch FIDE Open 2020"]
[Site "Kouty nad Desnou"]
[Date "2020.03.10"]
[Round "5.13"]
[White "Broz, Jan"]
[Black "Zamecnik, Jan"]
[Result "1-0"]
[ECO "C02"]
[WhiteElo "1481"]
[BlackElo "1850"]
[Annotator "NA RC"]
[PlyCount "47"]
[EventDate "2020.03.07"]
[EventCountry "CZE"]
[SourceTitle "playchess.com"]
[Source "ChessBase"]
[SourceQuality "1"]
[TimeControl "5400+30"]

1. e4 e6 2. d4 d5 3. e5 c5 4. c3 Nc6 5. Nf3 Qb6 6. a3 c4 7. Be2 f6 8. exf6 Nxf6 9. O-O {[%emt 0:03:26] C02: French: Advance Variation.} Bd6 10. Qc2 O-O 11. Nbd2 {[%emt 0:04:56] [#]} Na5 $146 ({Predecessor:} 11... Qc7 12. g3 e5 13. dxe5 Nxe5 14. Nxe5 Bxe5 15. Nf3 Bh3 16. Re1 Ne4 17. Be3 Bf6 {1-0 (60) Haasse,A (2021)-Lilly,R (1851) Perth 2006}) 12. Re1 {[%emt 0:05:40] [#]} (12. Bd1 $11 {remains equal.}) 12... Bd7 (12... e5 $1 $17 13. dxe5 Ng4 {[%mdl 64] Double Attack}) 13. Bf1 Nb3 (13... Be8 $15 {stays ahead.}) 14. Nxb3 Ba4 {[%emt 0:00:08] Pin} 15. Qe2 Bxb3 16. Qxe6+ Kh8 17. Bg5 Rad8 (17... Ba4 $16 {was worth a try.}) 18. Bxf6 gxf6 19. Nh4 Bc2 20. Rac1 ({White should try} 20. Qe2 $18 Be4 21. g3) 20... Be4 ({Better is} 20... Qxb2 $14 21. Qe2 Rde8) 21. Qh3 Bf4 $2 {[%emt 0:08:54] [#]} (21... Qxb2 $16 22. Rxe4 Qxc1 23. Ng6+ {[%mdl 64] Double Attack} Kg8 24. Nxf8 dxe4) 22. Rxe4 $18 dxe4 23. Ng6+ Kg7 24. Nxf4 1-0

[Event "CZE-ch FIDE Open 2020"]
[Site "Kouty nad Desnou"]
[Date "2020.03.10"]
[Round "5.14"]
[White "Dedek, Jan"]
[Black "Merinsky, Vaclav"]
[Result "0-1"]
[ECO "C50"]
[WhiteElo "1551"]
[BlackElo "1764"]
[Annotator "NA RC"]
[PlyCount "62"]
[EventDate "2020.03.07"]
[EventCountry "CZE"]
[SourceTitle "playchess.com"]
[Source "ChessBase"]
[SourceQuality "1"]
[TimeControl "5400+30"]

1. e4 e5 2. Nf3 Nc6 3. Bc4 Bc5 4. O-O Nf6 5. d3 d6 6. Re1 Bg4 7. h3 Be6 8. Bb3 h6 9. Nbd2 O-O 10. Nf1 Nd4 11. Be3 Nxb3 12. axb3 Bb6 13. Bxb6 axb6 14. Ne3 Qe7 15. Qd2 Nh7 16. Qc3 Nf6 17. Ra3 Ra6 18. Rea1 Rfa8 19. Rxa6 Rxa6 20. Rxa6 bxa6 21. b4 Qd7 22. Qa3 Qc8 23. c4 Nh5 24. Nd5 Bxd5 25. cxd5 Nf4 26. Nd2 b5 27. Nf3 c6 28. dxc6 Qxc6 29. Ne1 Qc1 30. Kf1 Qd1 31. g3 Qe2+ 0-1

[Event "CZE-ch FIDE Open 2020"]
[Site "Kouty nad Desnou"]
[Date "2020.03.11"]
[Round "6.2"]
[White "Tuma, Jan"]
[Black "Bares, Jachym"]
[Result "0-1"]
[ECO "C44"]
[WhiteElo "1993"]
[BlackElo "2119"]
[Annotator "RC"]
[PlyCount "52"]
[EventDate "2020.03.07"]
[EventCountry "CZE"]
[SourceTitle "playchess.com"]
[Source "ChessBase"]
[SourceQuality "1"]
[TimeControl "5400+30"]

1. e4 e5 2. Nf3 Nc6 3. c3 d5 4. Qa4 Bd7 5. exd5 Nd4 6. Qd1 Nxf3+ 7. Qxf3 Nf6 8. Bc4 Bd6 9. d3 b5 10. Bb3 Bg4 11. Qe3 O-O 12. Nd2 Nh5 13. h3 Nf4 14. Rg1 Bh5 15. g4 Bg6 16. Ne4 a5 17. c4 bxc4 18. dxc4 Bb4+ 19. Kf1 Qh4 20. Rg3 f5 21. Nc3 fxg4 22. Rxg4 Qh5 23. Bd2 Nxh3 24. Rg2 Nf4 25. Rg1 Bd3+ 26. Ke1 Ng2+ 0-1

[Event "CZE-ch FIDE Open 2020"]
[Site "Kouty nad Desnou"]
[Date "2020.03.11"]
[Round "6.5"]
[White "Broz, Petr"]
[Black "Kucera, Tomas"]
[Result "1/2-1/2"]
[ECO "B20"]
[WhiteElo "1976"]
[BlackElo "1985"]
[Annotator "ChessBase"]
[PlyCount "98"]
[EventDate "2020.03.07"]
[EventCountry "CZE"]
[SourceTitle "playchess.com"]
[Source "ChessBase"]
[SourceQuality "1"]
[TimeControl "5400+30"]

1. e4 c5 2. b4 cxb4 3. a3 d5 4. exd5 Qxd5 5. Nf3 Bg4 6. Be2 e5 7. c4 bxc3 8. Nxc3 Qa5 9. O-O Nf6 10. Nxe5 Bxe2 11. Qxe2 Be7 12. Re1 O-O 13. Nc4 Qc7 14. Nb5 Qd7 15. Ne5 Qd8 16. Qf3 Nd5 17. Nc3 Nxc3 18. dxc3 Nc6 19. Nxc6 bxc6 20. Bf4 Bf6 21. Rad1 Qa5 22. Qg4 Rfe8 23. Qd7 Rxe1+ 24. Rxe1 h6 25. Qxc6 Rd8 26. Re8+ Rxe8 27. Qxe8+ Kh7 28. Qe4+ Kg8 29. Qb4 Bxc3 30. Qxa5 Bxa5 31. Bd6 f5 32. Kf1 Kf7 33. Ke2 g5 34. Kd3 Ke6 35. Bc5 a6 36. f3 h5 37. h3 Kd5 38. Be7 g4 39. Ke3 gxh3 40. gxh3 Bc7 41. Kd3 Ke5 42. Bg5 Bd6 43. a4 Kd5 44. Bc1 Be5 45. Ba3 Bf6 46. Bb4 Be5 47. Be7 Bg7 48. Bb4 Be5 49. Bf8 Bf6 1/2-1/2

[Event "CZE-ch FIDE Open 2020"]
[Site "Kouty nad Desnou"]
[Date "2020.03.11"]
[Round "6.13"]
[White "Merinsky, Vaclav"]
[Black "Hradek, Matyas"]
[Result "1/2-1/2"]
[ECO "C01"]
[WhiteElo "1764"]
[BlackElo "1508"]
[Annotator "NA RC"]
[PlyCount "43"]
[EventDate "2020.03.07"]
[EventCountry "CZE"]
[SourceTitle "playchess.com"]
[Source "ChessBase"]
[SourceQuality "1"]
[TimeControl "5400+30"]

1. e4 e6 2. d4 d5 3. exd5 exd5 4. Bd3 Bd6 5. Nf3 Nf6 6. Bg5 O-O 7. O-O Bg4 8. Nbd2 h6 9. Bh4 Nbd7 10. c3 c6 11. Qc2 Qc7 12. Bg3 Bxg3 13. hxg3 Rfe8 14. Rfe1 Kf8 15. Nb3 b6 16. Nbd2 Qd6 17. Nh2 Bh5 18. Ndf1 Ng4 19. Bf5 Nxh2 20. Nxh2 Bg6 21. Bxg6 Qxg6 22. Qxg6 1/2-1/2

[Event "CZE-ch FIDE Open 2020"]
[Site "Kouty nad Desnou"]
[Date "2020.03.11"]
[Round "6.14"]
[White "Zamecnik, Jan"]
[Black "Vokoun, Tomas"]
[Result "1-0"]
[ECO "D79"]
[WhiteElo "1850"]
[BlackElo "1673"]
[Annotator "NA"]
[PlyCount "53"]
[EventDate "2020.03.07"]
[EventCountry "CZE"]
[SourceTitle "playchess.com"]
[Source "ChessBase"]
[SourceQuality "1"]
[TimeControl "5400+30"]

1. d4 Nf6 2. g3 g6 3. Bg2 Bg7 4. Nf3 O-O 5. O-O d5 6. c4 c6 7. Nc3 Nbd7 ({Black should play} 7... dxc4 $11 8. e4 b5) 8. cxd5 cxd5 9. Ne5 Nb6 10. a4 e6 {[%emt 0:10:14] D79: Fianchetto Grünfeld: Symmetrical Variation (6 0-0 c6 7 cxd5 cxd5).} 11. a5 Nbd7 12. f4 a6 {[%emt 0:05:42] [#]} 13. b4 $146 ({Predecessor:} 13. b3 Qc7 14. Qd3 b6 15. Ba3 Re8 16. Rfc1 Qb7 17. axb6 Nxb6 18. Na4 Nbd7 19. Rc2 {1-0 (63) Martinovsky,E (2280)-Jordan,R Illinois 1993}) 13... Nxe5 (13... b5 $11) 14. fxe5 Nd7 (14... Ne8 $16) 15. e4 dxe4 16. Nxe4 Rb8 17. Bg5 f6 18. exf6 Bxf6 $2 (18... Nxf6 19. d5 e5) 19. Nxf6+ Nxf6 20. Kh1 Kg7 (20... Bd7 $142 21. d5 Kg7) 21. Qd2 Rf7 22. Qf4 Bd7 23. Ra3 Bb5 24. Rf2 Bc6 25. Bxc6 $18 bxc6 26. Raf3 Qd5 27. Bxf6+ 1-0

[Event "CZE-ch FIDE Open 2020"]
[Site "Kouty nad Desnou"]
[Date "2020.03.11"]
[Round "6.15"]
[White "Husa, Daniel"]
[Black "Dedek, Jan"]
[Result "1/2-1/2"]
[ECO "D78"]
[WhiteElo "1814"]
[BlackElo "1551"]
[Annotator "NA RC"]
[PlyCount "33"]
[EventDate "2020.03.07"]
[EventCountry "CZE"]
[SourceTitle "playchess.com"]
[Source "ChessBase"]
[SourceQuality "1"]
[TimeControl "5400+30"]

1. d4 Nf6 2. c4 g6 3. g3 Bg7 4. Bg2 d5 5. Nf3 O-O 6. O-O c6 7. Nbd2 Nbd7 8. Qc2 Nb6 9. e3 ({Better is} 9. c5 $11 Nbd7 10. b3) 9... Bf5 10. Qc3 Ne4 11. Nxe4 Bxe4 12. c5 Nd7 13. b4 Re8 14. Nd2 Bxg2 15. Kxg2 e5 16. Nb3 f5 17. dxe5 $15 1/2-1/2